 Dungeon Crawl Stone Soup version 0.27-a0-1105-g946c659c87 (webtiles) character file.

Game seed: 16420891559809673200

789 Feb132020 the Magician (level 7, -2/37 HPs)
             Began as a Deep Elf Venom Mage on Apr 30, 2021.
             Was a Believer of Vehumet.
             Slain by an ice beast (11 damage)
             ... on level 5 of the Dungeon.
             The game lasted 00:24:38 (6683 turns).

Feb132020 the Magician (Deep Elf Venom Mage)        Turns: 6683, Time: 00:24:40

Health: -2/37      AC:  2    Str:  5    XL:     7   Next: 56%
Magic:  10/19      EV: 17    Int: 21    God:    Vehumet [**....]
Gold:   133        SH:  0    Dex: 16    Spells: 11/19 levels left

rFire    . . .     SeeInvis .   h - +1 short sword (venom)
rCold    . . .     Faith    .   (no shield)
rNeg     . . .     Spirit   .   a - +0 robe
rPois    .         Reflect  .   (no helmet)
rElec    .         Harm     .   g - scarf {+Inv}
rCorr    .         Rampage  .   (no gloves)
Will     .....                  (no boots)
Stlth    +++.......             (no amulet)
HPRegen  0.12/turn              j - +4 ring of evasion
MPRegen  0.16/turn              (no ring)

@: very slightly contaminated
A: no striking features
a: Renounce Religion, Evoke Invisibility


You were on level 5 of the Dungeon.
You worshipped Vehumet.
Vehumet was pleased with you.
You visited 1 branch of the dungeon, and saw 5 of its levels.

You collected 133 gold pieces.

Inventory:

Hand Weapons
 c - a +0 short sword
 h - a +1 short sword of venom (weapon)
 p - a +0 dagger of electrocution
Armour
 a - a +0 robe (worn)
 f - the +0 buckler "Efaom" {Contam Int+2 SInv}
   (You found it on level 4 of the Dungeon)

   It affects your intelligence (+2).
   It lets you see invisible.
   It causes magical contamination when unequipped.
 g - a scarf of invisibility (worn)
Jewellery
 j - a +4 ring of evasion (left hand)
Scrolls
 i - a scroll of enchant weapon {unknown}
 n - a scroll of teleportation {unknown}
 r - a scroll of vulnerability {unknown}
Potions
 b - 8 potions of curing
 d - a potion of heal wounds {unknown}
 e - 2 potions of flight {unknown}
 k - a potion of ambrosia {unknown}
 l - a potion of mutation {unknown}
 m - a potion of haste {unknown}
 o - 2 potions of might
 q - a potion of attraction {unknown}
 s - a potion of degeneration {unknown}
 t - a potion of berserk rage {unknown}


   Skills:
 + Level 0.9 Fighting
 + Level 2.4 Short Blades
 + Level 3.2 Dodging
 + Level 4.4 Stealth
 + Level 6.6 Spellcasting
 + Level 0.7 Conjurations
 + Level 2.9 Transmutations
 + Level 0.9 Fire Magic
 + Level 2.5 Air Magic
 - Level 5.0 Poison Magic


You had 11 spell levels left.
You knew the following spells:

 Your Spells              Type           Power      Damage    Failure   Level
a - Sting                 Tmut/Pois      92%        1d7       1%          1
b - Poisonous Vapours     Pois/Air       44%        N/A       3%          2
c - Mephitic Cloud        Conj/Pois/Air  18%        N/A       9%          3
d - Shock                 Conj/Air       52%        1d6       4%          1
f - Foxfire               Conj/Fire      40%        2x1d6     6%          1

Your spell library contained the following spells:

 Spells                   Type           Power      Damage    Failure   Level
 Beastly Appendage        Tmut           38%        N/A       2%          1
 Wereblood                Tmut           19%        N/A       4%          2
 Spider Form              Tmut/Pois      11%        N/A       5%          3
 Summon Small Mammal      Summ           28%        N/A       9%          1
 Ignite Poison            Fire/Tmut/Pois 19%        N/A       9%          3
 Olgreb's Toxic Radiance  Pois           28%        N/A       12%         4
 Call Imp                 Summ           7%         N/A       14%         2
 Call Canine Familiar     Summ           7%         N/A       26%         3
 Summon Guardian Golem    Hex/Summ       7%         N/A       26%         3
 Ice Form                 Ice/Tmut       13%        N/A       45%         4
 Summon Lightning Spire   Summ/Air       12%        N/A       47%         4
 Hydra Form               Tmut           9%         N/A       61%         5
 Summon Ice Beast         Ice/Summ       7%         N/A       65%         4


Dungeon Overview and Level Annotations

Branches:
Dungeon (5/15)
 Temple: D:4-7

Altars:
Ashenzari
Cheibriados
Fedhas
Sif Muna
Trog
Vehumet
Zin

Annotations:
D:3 exclusion: oklob plant


Message History

The ice beast is severely wounded.
Casting: Foxfire (safe; 6% risk of failure)
Confirm with . or Enter, or press ? or * to list all spells.
You conjure some foxfire!
Your foxfire dissipates!
The foxfire hits the ice beast but does no damage.
The ice beast is severely wounded.
Casting: Foxfire (safe; 6% risk of failure)
Confirm with . or Enter, or press ? or * to list all spells.
You conjure some foxfire!
The ice beast barely misses you.
Your foxfire dissipates!
The foxfire hits the ice beast.
The ice beast melts!
The ice beast is almost dead.
Your magical contamination has completely faded away.
Casting: Foxfire (safe; 6% risk of failure)
Confirm with . or Enter, or press ? or * to list all spells.
You conjure some foxfire!
The ice beast closely misses you.
Your foxfire dissipates!
The foxfire hits the ice beast but does no damage.
The ice beast is almost dead.
The ice beast barely misses you.
Casting: Foxfire (safe; 6% risk of failure)
Confirm with . or Enter, or press ? or * to list all spells.
You conjure some foxfire!
The ice beast hits you. The ice beast freezes you!
* * * LOW HITPOINT WARNING * * *
Your foxfire dissipates!
The foxfire hits the ice beast.
The ice beast melts!
The ice beast is almost dead.
Casting: Foxfire (safe; 6% risk of failure)
Confirm with . or Enter, or press ? or * to list all spells.
You conjure some foxfire!
Your foxfire dissipates!
Casting: Foxfire (safe; 6% risk of failure)
Confirm with . or Enter, or press ? or * to list all spells.
You miscast Foxfire.
You are very lightly contaminated with residual magic.
Nothing appears to happen.
The ice beast hits you.
* * * LOW HITPOINT WARNING * * *
The ice beast freezes you!
You die...

#.#####..####...#
#Z...[........... .
####.###..####.....
#.###..####.....
#...........#
#####..######
#######<.#
.........#
#########.
########.#
#.@.......
#.###Y######..
#.....# #######


You could see an ice beast.

Vanquished Creatures
  An orc warrior (D:4)
  An ogre (D:4)
  2 scorpions
  A centaur zombie (D:5)
  A jelly (D:3)
  3 hounds
  3 orc priests (D:3)
  An orc wizard (D:4)
  2 iguanas (D:4)
  A killer bee zombie (D:5)
  2 adders
  A white imp (D:3)
  2 worms
  5 dart slugs
  17 orcs
  3 bats
  8 endoplasms
  3 giant cockroaches
  14 goblins
  8 hobgoblins
  6 jackals
  2 quokkas
  5 ball pythons
  12 frilled lizards
  4 kobolds
  5 rats
113 creatures vanquished.

Vanquished Creatures (others)
  49 foxfires
  5 plants (D:2)
54 creatures vanquished.

Grand Total: 167 creatures vanquished

Notes
Turn   | Place    | Note
-------+----------+-------------------------------------------
     0 | D:1      | Feb132020 the Deep Elf Venom Mage began the quest for the
                  | Orb.
     0 | D:1      | Reached XP level 1. HP: 10/10 MP: 6/6
   181 | D:1      | Reached XP level 2. HP: 15/15 MP: 8/8
   184 | D:1      | Learned a level 2 spell: Poisonous Vapours
  1087 | D:2      | Found a radiant altar of Vehumet.
  1100 | D:2      | Reached XP level 3. HP: 19/19 MP: 3/9
  1100 | D:2      | Became a worshipper of Vehumet
  2164 | D:3      | Found a faded altar of an unknown god.
  2338 | D:3      | Reached XP level 4. HP: 24/24 MP: 6/11
  2342 | D:3      | Learned a level 3 spell: Mephitic Cloud
  2485 | D:3      | Reached * piety under Vehumet
  2485 | D:3      | Offered knowledge of Foxfire by Vehumet.
  2491 | D:3      | Learned a level 1 spell: Foxfire
  2543 | D:3      | Reached skill level 4 in Spellcasting
  2667 | D:3      | Noticed an angel
  2668 | D:3      | Found a glowing silver altar of Zin.
  3000 | D:3      | Reached skill level 1 in Air Magic
  3130 | D:3      | Reached skill level 1 in Short Blades
  3130 | D:3      | Reached XP level 5. HP: 8/28 MP: 13/13
  3440 | D:3      | Reached skill level 5 in Spellcasting
  3887 | D:3      | Found a blossoming altar of Fedhas.
  3910 | D:3      | Noticed an oklob plant
  4323 | D:4      | Reached XP level 6. HP: 22/32 MP: 10/15
  4740 | D:4      | Offered knowledge of Shock by Vehumet.
  4743 | D:4      | Learned a level 1 spell: Shock
  4867 | D:4      | Found a snail-covered altar of Cheibriados.
  4867 | D:4      | Found a broken altar of Ashenzari.
  4869 | D:4      | Identified the +0 buckler "Efaom" {Contam Int+2 SInv}
  4908 | D:4      | Reached ** piety under Vehumet
  5482 | D:4      | Found a shimmering blue altar of Sif Muna.
  5489 | D:4      | Identified Sif Muna's Disquisition on Conjuration
  5494 | D:4      | Noticed an orc warrior
  5521 | D:4      | Killed an orc warrior
  5522 | D:4      | Reached skill level 6 in Spellcasting
  5522 | D:4      | Reached XP level 7. HP: 37/37 MP: 14/18
  5668 | D:4      | Found a bloodstained altar of Trog.
  5909 | D:5      | Entered Level 5 of the Dungeon
  6297 | D:5      | Reached skill level 5 in Poison Magic
  6683 | D:5      | Slain by an ice beast

Illustrated notes

Levels and vault maps discovered:
D:1:      dpeg_arrival_arbitrary_a, layout_basic
D:2:      layout_basic, basic_altar, minmay_lizard_king
D:3:      layout_loops_corners, zin_angel, tgw_fedhas,
          chequers_ecumenical_altar_simple
D:4:      kennysheep_the_goblin_king, layout_loops_corners,
          nzn_overflow_gifts_of_might_and_magic, gammafunk_temple_overflow_wave,
          nrook_uturn
D:5:      layout_loops_ring, item_on_display_a, uniq_sigmund

Skill      XL: |  1  2  3  4  5  6  7 |
---------------+----------------------+-----
Stealth        | 3 4 |  4.4
Poison Magic   | 4 5 |  5.0
Transmutations | 2 |  2.9
Spellcasting   | 4 5 6 |  6.6
Air Magic      | 1 2 |  2.5
Short Blades   | 1 2 |  2.4
Dodging        | 3 |  3.2
Fighting       | |  0.9
Conjurations   | |  0.7
Fire Magic     | |  0.9

Action                   |  1- 3 |  4- 6 |  7- 9 || total
-------------------------+-------+-------+-------++-------
Melee: Short sword       |    54 |    64 |    22 ||   140
 Cast: Sting             |    30 |    21 |     3 ||    54
       Poisonous Vapours |    15 |    30 |    10 ||    55
       Foxfire           |       |     8 |    27 ||    35
  Use: Scroll            |       |     4 |       ||     4
 Stab: Sleeping          |     7 |     8 |     1 ||    16
Armor: Robe              |     1 |     3 |     6 ||    10
Dodge: Dodged            |    34 |    52 |    55 ||   141

Table legend: (Time is in decaauts)
 A = Elapsed time spent in this place.
 B = Non-inter-level travel time spent in this place.
 C = Inter-level travel time spent in this place.
 D = Time resting spent in this place.
 E = Time spent auto-exploring this place.
 F = Levels seen in this place.
 G = Mean time per level.
                   A        B        C        D        E       F      G
               +--------+--------+--------+--------+--------+-----+--------+
         Total |   6691 |   6468 |    223 |    382 |   5246 |   5 | 1338.2 |
       Dungeon |   6691 |   6468 |    223 |    382 |   5246 |   5 | 1338.2 |
               +--------+--------+--------+--------+--------+-----+--------+

Top non-repeatable levels by time:
     D:4: 2271 daAuts
     D:3: 1852 daAuts
     D:2: 1147 daAuts
     D:1: 1019 daAuts
     D:5: 399 daAuts
